 Dungeon Crawl Stone Soup version 0.27.0-1-g7a089689b8 (webtiles) character file.

Game seed: 5133302154884495816

51114 Smaepdii the Impaler (level 14, -3/111 HPs)
             Began as a Merfolk Gladiator on Aug 2, 2021.
             Was a Believer of Uskayaw.
             Shot with an arrow by Nessos (14 damage)
             ... on level 6 of the Lair of Beasts.
             The game lasted 02:29:12 (22135 turns).

Smaepdii the Impaler (Merfolk Gladiator)           Turns: 22135, Time: 02:29:13

Health: -3/111     AC: 24    Str: 16    XL:     14   Next: 58%
Magic:  12/24      EV: 22    Int:  8    God:    Uskayaw [**....]
Gold:   851        SH:  0    Dex: 33    Spells: 13/13 levels left

rFire    . . .     SeeInvis +   a - +2 scythe (vorpal)
rCold    . . .     Faith    +   (shield currently unavailable)
rNeg     . . .     Spirit   .   Q - +3 scale mail of Responsibility {Contam rPois Dex+6 Slay+2}
rPois    +         Reflect  .   c - +0 helmet
rElec    .         Harm     .   m - scarf {repulsion}
rCorr    .         Rampage  .   i - +0 pair of gloves {Dex+3}
Will     ++...                  D - +5 pair of boots of Negligence {Will+ SInv Stlth-}
Stlth    ..........             d - amulet of faith
HPRegen  0.28/turn              g - +6 ring of dexterity
MPRegen  0.19/turn              f - +4 ring of protection

@: mighty, marked, hasted, repel missiles, very quick
A: (nimble swimmer 2), mertail
a: Renounce Religion, Stomp, Line Pass


You were on level 6 of the Lair of Beasts.
You worshipped Uskayaw.
Uskayaw was pleased with you.
You visited 2 branches of the dungeon, and saw 17 of its levels.
You visited the Abyss 1 time.

You collected 1031 gold pieces.
You spent 180 gold pieces at shops.

Inventory:

Hand Weapons
 a - a +2 vorpal scythe (weapon)
 b - a +3 quarterstaff
 u - a +1 antimagic battleaxe
Armour
 c - a +0 helmet (worn)
 e - the +6 scale mail of the Land of Plenty {Str+6 Int-4}
   (You found it on level 5 of the Lair of Beasts)

   Str:       It affects your strength (+6).
   Int:       It affects your intelligence (-4).
 i - a +0 pair of gloves of dexterity (worn)
 l - a +2 ring mail of poison resistance
 m - a scarf of repulsion (worn)
 x - a +2 cloak
 D - the +5 pair of boots of Negligence (worn) {Will+ SInv Stlth-}
   (You acquired it on level 9 of the Dungeon)

   SInv:      It lets you see invisible.
   Will:      It increases your willpower.
   Stlth:     It makes you less stealthy.
 H - a +2 ring mail of willpower
 P - a scarf of invisibility
 Q - the +3 scale mail of Responsibility (worn) {Contam rPois Dex+6 Slay+2}
   (You found it on level 10 of the Dungeon)

   Dex:       It affects your dexterity (+6).
   Slay:      It affects your accuracy & damage with ranged weapons and melee
   (+2).
   rPois:     It protects you from poison.
   Contam:    It causes magical contamination when unequipped.
Jewellery
 d - an amulet of faith (around neck)
 f - a +4 ring of protection (right hand)
 g - a +6 ring of dexterity (left hand)
 k - a ring of magical power
 E - a +6 ring of strength
 R - a +6 ring of intelligence
Wands
 j - a wand of digging (5)
 t - a wand of polymorph (7)
 I - a wand of flame (16)
 M - a wand of mindburst (11)
 S - a wand of charming (9)
 Y - a wand of acid (7)
Scrolls
 F - 7 scrolls of teleportation
 K - 3 scrolls of fog
 L - 4 scrolls of identify
 O - a scroll of magic mapping
 T - a scroll of holy word
 W - a scroll of enchant armour {unknown}
Potions
 p - 4 potions of curing
 q - a potion of invisibility
 r - 5 potions of brilliance
 s - a potion of might
 v - 2 potions of mutation
 B - a potion of magic {unknown}
 N - 2 potions of berserk rage {unknown}
 U - 10 potions of ambrosia
 V - 2 potions of cancellation {unknown}
 X - a potion of lignification {unknown}


   Skills:
 + Level 10.9 Fighting
 * Level 18.4 Polearms
 - Level 2.3 Throwing
 + Level 7.4 Armour
 + Level 13.0 Dodging
 * Level 14.2 Invocations


You had 13 spell levels left.
You didn't know any spells.
Your spell library contained the following spells:

 Spells                   Type           Power      Damage    Failure   Level
 Magic Dart               Conj           0%         1d3       80%         1
 Searing Ray              Conj           0%         3d3       90%         2
 Call Canine Familiar     Summ           0%         N/A       99%         3
 Portal Projectile        Hex/Tloc       0%         N/A       99%         3
 Summon Guardian Golem    Hex/Summ       0%         N/A       99%         3
 Fulminant Prism          Conj/Hex       0%         3d6       100%        4
 Leda's Liquefaction      Hex/Erth       0%         N/A       100%        4
 Blade Hands              Tmut           0%         N/A       100%        5
 Bolt of Magma            Conj/Fire/Erth 0%         4d4       100%        5
 Excruciating Wounds      Necr           0%         N/A       100%        5
 Statue Form              Tmut/Erth      0%         N/A       100%        6
 Orb of Destruction       Conj           0%         N/A       100%        7
 Spellforged Servitor     Conj/Summ      0%         N/A       100%        7
 Borgnjor's Revivificati  Necr           0%         N/A       100%        8
 Necromutation            Tmut/Necr      0%         N/A       100%        8
 Death's Door             Necr           0%         N/A       100%        9


Dungeon Overview and Level Annotations

Branches:
Dungeon (11/15)            Temple (0/1) D:7            Lair (6/6) D:9
  Swamp (0/4) Lair:4       Spider (0/4) Lair:3        Slime (0/5) Lair:5
    Orc (0/2) D:9

Altars:
Elyvilon
Fedhas
Gozag
Hepliaklqana
Kikubaaqudgha
Makhleb
Nemelex Xobeh
Trog
Uskayaw
Wu Jian
Xom
Yredelemnul
Zin
The Shining One

Shops:
D:1 :   D:3 *   D:9 *

Annotations:
D:6 3 runed translucent doors, exclusion: 3 doors, indyram44's ghost, novice DsBe
D:7 3 runed translucent doors, exclusion: 3 doors, ardl's ghost, novice DjAE
D:8 exclusion: obsidian statue
Lair:6 Nessos


Innate Abilities, Weirdness & Mutations

((You are quick and stealthy near water. (Stealth+, EV+, Speed+++)))
Your lower body shifts to a powerful aquatic tail in water.


Message History

You see here a water moccasin corpse.
As you read the scroll of fear, it crumbles to dust.
You assume a fearsome visage.
The molten gargoyle is unaffected.
The wyvern looks frightened!
The fungus is unaffected.
Nessos looks frightened!
The death yak looks frightened!
The death yak easily resists.
The death yak resists with almost no effort.
The cane toad looks frightened! x2; The water moccasin looks frightened!
Nessos blinks!
A boulder beetle comes into view.
The death yak misses you.
A cane toad and a blink frog come into view.
Nessos blinks!
Nessos blinks!
As you read the scroll of teleportation, it crumbles to dust.
You feel strangely unstable.
Nessos gives up.
Nessos blinks!
The blink frog blinks!
Nessos blinks!
The blink frog closely misses you.
Nessos blinks!
The cane toad misses you.
Nessos begs for mercy.
Nessos blinks!
The blink frog hits you but does no damage.
Nessos blinks!
Nessos seems to regain their courage.
Nessos unwields a +0 falchion.
Nessos wields a +3 longbow of flaming.
It bursts into flame!
Nessos shoots an arrow.
The arrow completely misses you.
Your surroundings seem slightly different.
The cane toad barely misses you. The blink frog closely misses you.
Nessos shoots an arrow.
The arrow misses you.
The arrow closely misses the cane toad.
The water moccasin seems to regain its courage.
Nessos gestures wildly while chanting.
Nessos seems to speed up.
Found 14 sling bullets.
The cane toad seems to regain its courage.
Nessos stands on their hind legs for a moment.
Nessos shoots an arrow.
The arrow misses you.
Nessos shoots an arrow.
The arrow hits you!
You die...

...## ##9P# ยง
###..## ###.F...#
##....Y..#
#........#
##...Y....#
##...FF.c..#
##..........#
#.S....@....#
#................
..............###
.##.#.........#
.##.........# P.
#.......(.#
###.#....##
###...#.


You could see 2 death yaks, Nessos (fast), 2 cane toads, a blink frog and a
water moccasin.

Vanquished Creatures
  The ghost of Sin92 the Carver, a journeyman MiFi of Okawaru (D:11)
  Harold (D:7)
  A centaur warrior (D:9)
  5 hydras
  A catoblepas (Lair:3)
  3 two-headed ogres (D:11)
  8 death yaks
  Sonja (Lair:2)
  2 bog bodies (Lair:4)
  3 lindwurms
  A deep elf pyromancer (D:9)
  An oklob plant (Lair:1)
  2 manticores
  A cyclops (D:9)
  Joseph (D:7)
  Maurice (D:8)
  2 black mambas
  An ice statue (Lair:5)
  A molten gargoyle (Lair:6)
  A rime drake (Lair:4)
  2 gargoyles
  15 cane toads
  An unseen horror (D:11)
  Maggie (D:10)
  Psyche (D:8)
  12 komodo dragons
  An ice devil (Lair:5)
  5 trolls
  4 polar bears
  A queen bee (Lair:1)
  A hornet (D:9)
  6 dream sheep (Lair:4)
  3 shadows
  A vampire (D:9)
  Sigmund (D:3)
  A meliai zombie (D:10)
  3 redbacks (Lair:3)
  A wraith (D:9)
  6 wyverns
  35 yaks
  2 vampire mosquitoes (D:11)
  Grum (D:10)
  3 neqoxecs (D:11)
  3 wargs (D:9)
  12 water moccasins
  An acid dragon (D:9)
  A floating eye (D:11)
  A sky beast (D:5)
  6 ice beasts
  5 necrophages
  3 orc warriors
  2 ogres (D:6)
  4 wolves
  8 centaurs
  A kobold brigand (D:10)
  A gnoll sergeant (D:7)
  12 bullfrogs
  4 scorpions
  A water moccasin skeleton (D:6)
  38 killer bees
  2 electric eels (Lair:5)
  8 wights
  7 howler monkeys
  A bullfrog zombie (D:6)
  3 hounds
  A jelly (D:8)
  4 quasits (D:11)
  5 centaur zombies
  An orc priest (D:6)
  A centaur skeleton (D:6)
  A bullfrog skeleton (D:6)
  3 gnoll shamans
  Jessica (D:2)
  5 iguanas
  9 orc wizards
  A hound skeleton (D:4)
  2 howler monkey skeletons
  25 gnolls
  6 adders
  9 white imps
  An ufetubus (D:6)
  An adder skeleton (D:4)
  A worm (D:3)
  3 dart slugs
  34 orcs
  6 bats
  4 endoplasms
  A giant cockroach (D:1)
  11 goblins
  4 hobgoblins
  13 kobolds
  3 quokkas
  3 ball pythons
  3 frilled lizards
  5 rats
436 creatures vanquished.

Vanquished Creatures (others)
  12 fungi
  34 plants
  5 withered plants (D:9)
51 creatures vanquished.

Grand Total: 487 creatures vanquished

Notes
Turn   | Place    | Note
-------+----------+-------------------------------------------
     0 | D:1      | Smaepdii the Merfolk Gladiator began the quest for the Orb.
     0 | D:1      | Reached XP level 1. HP: 16/16 MP: 1/1
    95 | D:1      | Found Juxih's Book Shop.
   243 | D:1      | Reached XP level 2. HP: 23/23 MP: 2/2
   733 | D:1      | Found a faded altar of an unknown god.
   736 | D:1      | Became a worshipper of Uskayaw the Reveller
   736 | D:1      | Reached * piety under Uskayaw
   942 | D:2      | Reached ** piety under Uskayaw
   945 | D:2      | Reached skill level 5 in Polearms
   945 | D:2      | Reached *** piety under Uskayaw
   946 | D:2      | Reached XP level 3. HP: 13/28 MP: 3/3
  1452 | D:2      | Noticed Jessica
  1458 | D:2      | Killed Jessica
  1459 | D:2      | Reached skill level 1 in Invocations
  1459 | D:2      | Reached XP level 4. HP: 34/34 MP: 4/4
  2228 | D:3      | Reached XP level 5. HP: 21/41 MP: 6/6
  2543 | D:3      | Reached skill level 6 in Polearms
  2862 | D:3      | Noticed Sigmund
  2871 | D:3      | Killed Sigmund
  2872 | D:3      | Reached skill level 1 in Armour
  2872 | D:3      | Reached skill level 5 in Dodging
  2872 | D:3      | Reached XP level 6. HP: 33/47 MP: 8/8
  3351 | D:3      | Found Ilinan's Assorted Antiques.
  3578 | D:4      | Reached skill level 7 in Polearms
  3922 | D:4      | Noticed a necrophage
  3931 | D:4      | Noticed a necrophage
  3936 | D:4      | Killed a necrophage
  3937 | D:4      | Reached XP level 7. HP: 30/53 MP: 3/9
  3939 | D:4      | Reached **** piety under Uskayaw
  4681 | D:5      | Entered Level 5 of the Dungeon
  4694 | D:5      | Reached skill level 8 in Polearms
  4763 | D:5      | Reached skill level 12 in Polearms
  4763 | D:5      | Reached XP level 8. HP: 65/65 MP: 14/14
  4806 | D:5      | Reached XP level 9. HP: 71/71 MP: 15/15
  5060 | D:3      | Bought a pair of gloves for 135 gold pieces
  5118 | D:5      | Found a glowing golden altar of the Shining One.
  5334 | D:5      | Found a shimmering altar of Xom.
  5334 | D:5      | Found a basalt altar of Yredelemnul.
  5559 | D:5      | Found a glowing silver altar of Zin.
  5561 | D:5      | Found an ornate altar of the Wu Jian Council.
  5713 | D:6      | Noticed a komodo dragon
  6018 | D:5      | Killed a komodo dragon
  6658 | D:6      | Found a burning altar of Makhleb.
  6710 | D:6      | Found a hide-covered altar of Uskayaw.
  7143 | D:6      | Found a hazy altar of Hepliaklqana.
  7144 | D:6      | Found a white marble altar of Elyvilon.
  7338 | D:6      | Noticed indyram44's ghost (novice DsBe)
  7390 | D:6      | Noticed a manticore
  7395 | D:6      | Found a runed translucent gate.
  7395 | D:6      | Found a runed translucent gate.
  7395 | D:6      | Found a runed translucent gate.
  7602 | D:7      | Found a staircase to the Ecumenical Temple.
  7603 | D:7      | Noticed Harold
  7608 | D:7      | Reached XP level 10. HP: 77/79 MP: 16/16
  7615 | D:7      | Killed Harold
  7616 | D:7      | Reached skill level 13 in Polearms
  8297 | D:7      | Found a runed translucent gate.
  8297 | D:7      | Found a runed translucent gate.
  8297 | D:7      | Found a runed translucent gate.
  8626 | D:7      | Noticed Joseph
  8637 | D:7      | Killed Joseph
  8780 | D:7      | Noticed ardl's ghost (novice DjAE)
  9041 | D:8      | Identified a scroll of acquirement
  9041 | D:8      | Acquired a +0 pair of gloves of dexterity
  9654 | D:8      | Noticed an obsidian statue
  9746 | D:8      | Noticed Maurice
  9774 | D:8      | Killed Maurice
  9865 | D:8      | Noticed Psyche
  9876 | D:8      | Killed Psyche
 10168 | D:9      | Found an ancient bone altar of Kikubaaqudgha.
 10169 | D:9      | Found a blossoming altar of Fedhas.
 10198 | D:9      | Reached skill level 10 in Invocations
 10234 | D:9      | Found Wusmeuw's General Store.
 10239 | D:9      | Bought a scroll of teleportation for 45 gold pieces
 10255 | D:9      | Reached XP level 11. HP: 76/85 MP: 18/18
 10584 | D:9      | Reached skill level 5 in Armour
 10585 | D:9      | Reached ***** piety under Uskayaw
 10590 | D:9      | Reached skill level 14 in Polearms
 10619 | D:9      | Reached skill level 10 in Dodging
 10648 | D:9      | Noticed a deep elf pyromancer
 10656 | D:9      | Killed a deep elf pyromancer
 10659 | D:9      | Noticed a cyclops
 10663 | D:9      | Killed a cyclops
 10664 | D:9      | Noticed a centaur warrior
 10667 | D:9      | Noticed a manticore
 10673 | D:9      | Killed a centaur warrior
 10684 | D:9      | Killed a manticore
 11108 | D:9      | Acquired the +5 pair of boots of Negligence {Will+ SInv
                  | Stlth-}
 11278 | D:9      | Found a staircase to the Lair.
 11405 | D:9      | Found a sparkling altar of Nemelex Xobeh.
 11472 | D:9      | Found a staircase to the Orcish Mines.
 11657 | D:10     | Entered Level 10 of the Dungeon
 11657 | D:10     | Noticed Grum
 11707 | D:10     | Killed Grum
 11759 | D:10     | Noticed Maggie
 11770 | D:10     | Killed Maggie
 11887 | D:10     | Reached XP level 12. HP: 49/94 MP: 1/20
 11888 | D:10     | Reached skill level 15 in Polearms
 12483 | D:10     | Found a bloodstained altar of Trog.
 12641 | D:10     | Identified the +3 scale mail of Responsibility {Contam
                  | rPois Dex+6 Slay+2}
 12885 | D:11     | Noticed a two-headed ogre
 12896 | D:11     | Noticed a two-headed ogre
 12909 | D:11     | Killed a two-headed ogre
 12910 | D:11     | Killed a two-headed ogre
 12980 | D:11     | Noticed a two-headed ogre
 12985 | D:11     | Killed a two-headed ogre
 13532 | D:11     | Found a transporter.
 13536 | D:11     | Noticed Sin92's ghost (journeyman MiFi)
 13548 | D:11     | Killed Sin92's ghost
 13549 | D:11     | Found a transporter.
 14277 | Lair:1   | Entered Level 1 of the Lair of Beasts
 14303 | Lair:1   | Reached skill level 16 in Polearms
 14724 | Lair:1   | Reached ****** piety under Uskayaw
 14875 | Lair:1   | Noticed a seven-headed hydra
 14908 | Lair:1   | Killed a 12-headed hydra
 14909 | Lair:1   | Reached XP level 13. HP: 30/101 MP: 7/22
 17218 | Lair:2   | Noticed Sonja
 17237 | Lair:2   | Cast into level 2 of the Abyss (Sonja)
 17246 | Abyss:2  | Found a corrupted altar of Lugonu.
 17251 | Lair:2   | Escaped the Abyss
 17266 | Lair:2   | Killed Sonja
 17923 | Lair:3   | Reached skill level 10 in Fighting
 18002 | Lair:3   | Found a hole to the Spider Nest.
 18045 | Lair:3   | Reached skill level 17 in Polearms
 19275 | Lair:4   | Found a staircase to the Swamp.
 19493 | Lair:4   | Found an opulent altar of Gozag.
 19671 | Lair:4   | Found a bloodstained altar of Trog.
 19933 | Lair:4   | You fall into a shaft and drop 1 floor!
 20191 | Lair:5   | Reached XP level 14. HP: 99/111 MP: 20/24
 20219 | Lair:5   | Identified the +6 scale mail of the Land of Plenty {Str+6
                  | Int-4}
 20375 | Lair:5   | Found a staircase to the Slime Pits.
 20480 | Lair:5   | Identified the +1 robe "Bisaxask" {Dex-5 Slay+3 SInv
                  | Archmagi}
 20963 | Lair:6   | Entered Level 6 of the Lair of Beasts
 21351 | Lair:5   | Reached skill level 18 in Polearms
 22122 | Lair:6   | Noticed Nessos
 22135 | Lair:6   | Shot with an arrow by Nessos

Illustrated notes

Levels and vault maps discovered:
D:1:      sevenhm_arrival_forest_fort_large_3, layout_basic,
          shapermc_ecumenical_altar_mp_vishouse, serial_shops,
          nicolae_diamond_shop, wad_floor_pattern_untrapped
D:2:      layout_loops_cross, minmay_vboxes, uniq_jessica
D:3:      layout_loops_corners, serial_shops, nicolae_shop_behind_doors,
          uniq_sigmund
D:4:      layout_loops_ring
D:5:      layout_basic, nicolae_overflow_hidden_temple, marbit_many_paths
D:6:      layout_basic, lemuel_round_altar, makhleb_heckhound_becter,
          mainiacjoe_overflow_divided_tiny, gammafunk_ghost_split,
          minmay_fractal_squares_5
D:7:      layout_loops_ring, minmay_temple_entry_slanted, gammafunk_ghost_icy,
          minmay_starry_boxes, uniq_joseph, uniq_harold
D:8:      minmay_statue_hallways, layout_basic, uniq_psyche, uniq_maurice
D:9:      layout_loops_cross, grunt_temple_overflow_growth_and_decay,
          nemelex_spade_bored_becter, david_lair_shrubbed,
          minmay_orc_entry_guard_dogs, serial_shops, shop,
          minmay_misc_feat_enclosed, minmay_the_grid_2x2
          [minmay_the_grid_minigrid_medium, minmay_the_grid_holed_spiral,
          minmay_the_grid_medium_cups, minmay_the_grid_prize_four_corners]
D:10:     layout_cave_pools, mainiacjoe_overflow_concentric_impassable,
          uniq_maggie, uniq_grum
D:11:     cheibrodos_barr_body, layout_long_grid, gammafunk_ghost_stat_death
Lair:1:   layout_gridlike, special_room [special_room_bee],
          minmay_lair_oklob_chamber
Lair:2:   layout_regular_city, uniq_sonja
Lair:3:   layout_cave_pods, spider_nest_entry_webs, lemuel_fruit_tree
Lair:4:   layout_roguey, skrybe_swamp_entry_bodies, basic_altar,
          lemuel_centaur_altar, grunt_megastairs_3
Lair:5:   layout_roguey, slime_dummy, ice2_lemuel, serial_bayou_shore_a
Lair:6:   cheibrodos_lair_end_hotspot, layout_cave_pods, tgw_fedhas, uniq_nessos

Skill      XL: |  1  2  3  4  5  6  7  8  9 10 11 12 13 14 |
---------------+-------------------------------------------+-----
Polearms       | 5 6 7 12 13 14 16 17 18 | 18.4
Invocations    | 1 3 8 9 10 11 12 13 14 | 14.2
Fighting       | 3 6 7 8 9 10 | 10.9
Armour         | 1 4 5 6 7 |  7.4
Dodging        | 5 8 9 10 11 12 13 | 13.0
Throwing       | |  2.3

Action                   |  1- 3 |  4- 6 |  7- 9 | 10-12 | 13-15 || total
-------------------------+-------+-------+-------+-------+-------++-------
Melee: Trident           |    67 |   111 |       |       |       ||   178
       Scythe            |       |    56 |   172 |   475 |   330 ||  1033
       Tailslap          |       |       |       |       |     1 ||     1
       Quarterstaff      |       |       |       |       |    39 ||    39
Throw: Throwing net      |     7 |       |     1 |     1 |       ||     9
       Dart              |       |       |       |     8 |     1 ||     9
Invok: Stomp             |     1 |    10 |    13 |    50 |    51 ||   125
       Line Pass         |       |     4 |     5 |    11 |     1 ||    21
       Grand Finale      |       |       |       |     2 |       ||     2
Evoke: Wand              |       |       |       |     3 |     5 ||     8
  Use: Scroll            |       |     8 |     2 |    17 |     3 ||    30
       Potion            |       |       |     2 |     2 |    11 ||    15
 Stab: Held in net/web   |     1 |       |     1 |       |       ||     2
       Sleeping          |     3 |     1 |     1 |     1 |       ||     6
       Paralysed         |     1 |     3 |     4 |    22 |    16 ||    46
       Distracted        |     1 |       |       |     1 |       ||     2
       Confused          |       |     1 |     3 |     5 |       ||     9
Armor: Leather armour    |     9 |       |       |       |       ||     9
       Ring mail         |     6 |    68 |    50 |   117 |       ||   241
       Scale mail        |       |       |       |    75 |   171 ||   246
Dodge: Dodged            |    33 |   104 |   155 |   730 |   601 ||  1623
       Repelled          |       |       |       |     3 |     5 ||     8
